 Dungeon Crawl Stone Soup version 0.32-a0-630-g46d191b0ed (webtiles) character file.

Game seed: 467797748950368255

1542 Dittersdorf the Shield-Bearer (level 8, -1/52 HPs)
             Began as a Gargoyle Fighter on Mar 6, 2024.
             Slain by a gnoll sergeant
             ... wielding a +4 spear of distortion
              (3 damage)
             ... on level 6 of the Dungeon.
             The game lasted 00:06:28 (4829 turns).

Dittersdorf the Shield-Bearer (Gargoyle Fighter)    Turns: 4829, Time: 00:06:28

Health: -1/52      AC: 22    Str: 29    XL:     8   Next: 87%
Magic:  8/8        EV:  7    Int:  8    God:
Gold:   304        SH: 10    Dex:  9    Spells: 7/7 levels left

rFire   . . .        a - +0 flail
rCold   . . .        c - +0 buckler
rNeg    + . .        f - +0 plate armour
rPois   ∞            v - +0 helmet
rElec   +            x - +0 cloak
rCorr   .            i - +0 pair of gloves
SInv    .            (no boots)
Will    .....        n - amulet of reflection Stlth
                     w - +6 ring of strength
HPRegen 0.28/turn    (no ring)
MPRegen 0.11/turn

%: reflection
@: no status effects
A: sickness immunity, AC +5, negative energy resistance 1, electricity
resistance, torment resistance 1, petrification resistance
a: no special abilities


You were on level 6 of the Dungeon.
You visited 1 branch of the dungeon, and saw 6 of its levels.

You collected 304 gold pieces.

Inventory:

Hand Weapons
 a - a +0 flail (weapon)
Armour
 b - the +0 pair of boots of a wizard's laboratory {rC- Will+ Regen+ Str+2}
   (You found it on level 5 of the Dungeon)

   Str+2:     It affects your strength (+2).
   rC-:       It makes you vulnerable to cold.
   Will+:     It increases your willpower.
   Regen+:    It increases your rate of health regeneration.
 c - a +0 buckler (worn)
 f - a +0 plate armour (worn)
 i - a +0 pair of gloves (worn)
 v - a +0 helmet (worn)
 x - a +0 cloak (worn)
Jewellery
 n - an amulet of reflection (around neck)
 w - a +6 ring of strength (left hand)
Wands
 r - a wand of acid (9) (quivered)
Scrolls
 g - a scroll of enchant armour {unknown}
 h - 4 scrolls of teleportation
 o - a scroll of blinking
 q - a scroll of fog
Potions
 d - 2 potions of might
 e - a potion of invisibility
 j - 3 potions of enlightenment {unknown}
 k - a potion of attraction {unknown}
 m - a potion of curing
 p - 3 potions of haste
 s - a potion of heal wounds
 u - a potion of ambrosia


   Skills:
 + Level 6.7 Fighting
 + Level 5.7 Maces & Flails
 + Level 6.7 Armour
 + Level 6.7 Shields


You had 7 spell levels left.
You didn't know any spells.
Your spell library contained the following spells:

 Spells                   Type           Power      Damage    Failure   Level
 Magic Dart               Conj           0%         1d3       99%         1
 Jinxbite                 Hex            0%         N/A       100%        2
 Searing Ray              Conj           0%         2d4       100%        2
 Hailstorm                Conj/Ice       0%         3d5       100%        3
 Ozocubu's Armour         Ice            0%         N/A       100%        3
 Summon Ice Beast         Ice/Summ       0%         N/A       100%        3
 Tukima's Dance           Hex            0%         N/A       100%        3
 Dimensional Bullseye     Hex/Tloc       0%         N/A       100%        4
 Fulminant Prism          Conj/Alch      0%         3d5       100%        4
 Ignite Poison            Fire/Alch      0%         N/A       100%        4
 Iskenderun's Mystic Bla  Conj/Tloc      0%         2d3       100%        4
 Freezing Cloud           Conj/Ice/Air   0%         6-21      100%        5
 Metabolic Englaciation   Hex/Ice        0%         N/A       100%        5
 Yara's Violent Unravell  Hex/Alch       0%         3d3       100%        5
 Sculpt Simulacrum        Ice/Alch       0%         N/A       100%        6
 Enfeeble                 Hex            0%         N/A       100%        7
 Cigotuvi's Dreadful Rot  Necr/Alch/Air  Unusable   N/A       N/A         2

Dungeon Overview and Level Annotations

Branches:
Dungeon (6/15)
 Temple: D:4-7

Altars:
Dithmenos
Qazlal
Ru
Trog

Annotations:
D:4 2 transporters, dolemite99's ghost, novice CoHu


Innate Abilities, Weirdness & Mutations

You are immune to sickness and miasma.
Your stone body is resilient. (AC +5)
You are immune to poison.
You resist negative energy. (rN+)
You are resistant to electric shocks. (rElec)
You are resistant to unholy torment.
You are immune to petrification.


Message History

The gnoll sergeant hits you but does no damage.
You hit the gnoll sergeant.
The gnoll sergeant is moderately wounded.
The gnoll sergeant hits you with a +4 spear of distortion.
Space warps horribly around you! The gnoll sergeant blocks your attack.
The gnoll sergeant is moderately wounded.
The gnoll sergeant hits you but does no damage.
Space warps horribly around you! You block the gnoll's attack.
You are too injured to fight recklessly!
You are too injured to fight recklessly!
You are too injured to fight recklessly!
You are too injured to fight recklessly!
You are too injured to fight recklessly!
You are too injured to fight recklessly!
You are too injured to fight recklessly!
You are too injured to fight recklessly!
You are too injured to fight recklessly!
You are too injured to fight recklessly!
You are too injured to fight recklessly!
You are too injured to fight recklessly!
You are too injured to fight recklessly!
You are too injured to fight recklessly!
You are too injured to fight recklessly!
You are too injured to fight recklessly!
You are too injured to fight recklessly!
You are too injured to fight recklessly!
You are too injured to fight recklessly!
You hit the gnoll.
The gnoll is lightly wounded.
The gnoll sergeant hits you but does no damage.
The gnoll hits you but does no damage.
You sock the gnoll sergeant!
The gnoll sergeant is almost dead.
The gnoll sergeant hits you with a +4 spear of distortion.
Space warps horribly around you!!
* * * LOW HITPOINT WARNING * * *
You block the gnoll's attack.
The gnoll sergeant hits you with a +4 spear of distortion.
You die...

#.#....................#
#'#....................#
.......................##########
...#.............................
...#............................[
...########+###.#................
...# #.....>..###............
...#######.....g..# #............
.............<.g@.# #............
..########........# #............
#........# #............
#........###............
#...............########
###...............#
#...........#####.# #...........#
#.# #...........# #.#


You could see a gnoll sergeant and a gnoll.

Vanquished Creatures
  Grinder (D:3)
  Sigmund (D:2)
  Menkaure (D:5)
  A water moccasin (D:6)
  2 black bears
  A sky beast (D:3)
  A centaur (D:5)
  A phantom (D:4)
  A scorpion (D:5)
  3 orc priests (D:4)
  A bombardier beetle (D:5)
  A hound (D:5)
  Crazy Yiuf (D:3)
  3 iguanas
  Robin (D:3)
  7 gnolls
  5 adders
  A ribbon worm (D:4)
  2 dart slugs
  6 orcs
  3 endoplasms
  5 giant cockroaches
  13 goblins
  14 hobgoblins
  7 kobolds
  4 quokkas
  4 ball pythons
  5 bats
  2 frilled lizards (D:3)
98 creatures vanquished.

Notes
Turn   | Place    | Note
-------+----------+-------------------------------------------
     0 | D:1      | Dittersdorf the Gargoyle Fighter began the quest for the
                  | Orb.
     0 | D:1      | Reached XP level 1. HP: 14/14 MP: 1/1
   276 | D:1      | Reached XP level 2. HP: 19/19 MP: 2/2
   963 | D:2      | Reached XP level 3. HP: 23/23 MP: 3/3
  1050 | D:2      | Noticed Sigmund
  1074 | D:2      | Killed Sigmund
  1075 | D:2      | Reached XP level 4. HP: 4/30 MP: 4/4
  1075 | D:2      | Reached XP level 5. HP: 4/34 MP: 5/5
  1824 | D:3      | Noticed Robin
  1828 | D:3      | Reached XP level 6. HP: 38/39 MP: 6/6
  1859 | D:3      | Killed Robin
  2017 | D:3      | Found a bloodstained altar of Trog.
  2029 | D:3      | Noticed a sky beast
  2041 | D:3      | Killed a sky beast
  2045 | D:3      | Found a sacrificial altar of Ru.
  2293 | D:3      | Noticed Grinder
  2295 | D:3      | Paralysed by Grinder for 2 turns
  2311 | D:3      | Killed Grinder
  2312 | D:3      | Reached skill level 5 in Fighting
  2312 | D:3      | Reached skill level 5 in Armour
  2312 | D:3      | Reached skill level 5 in Shields
  2312 | D:3      | Reached XP level 7. HP: 37/44 MP: 7/7
  2340 | D:3      | Found a runed translucent door.
  2341 | D:3      | Noticed Crazy Yiuf
  2352 | D:3      | Killed Crazy Yiuf
  2963 | D:4      | Found a transporter.
  2966 | D:4      | Noticed dolemite99's ghost (novice CoHu)
  2981 | D:4      | Found a transporter.
  3645 | D:4      | Reached XP level 8. HP: 37/51 MP: 8/8
  3810 | D:5      | Entered Level 5 of the Dungeon
  3907 | D:5      | Found a shadowy altar of Dithmenos.
  3921 | D:5      | Identified the +0 pair of boots of a wizard's laboratory
                  | {rC- Will+ Regen+ Str+2}
  3955 | D:5      | Noticed Menkaure
  3962 | D:5      | Killed Menkaure
  3963 | D:5      | Reached skill level 5 in Maces & Flails
  4569 | D:6      | Found a stormy altar of Qazlal.
  4829 | D:6      | HP: 2/52 [gnoll sergeant/+4 spear of distortion (18)]
  4829 | D:6      | Slain by a gnoll sergeant

Illustrated notes

Levels and vault maps discovered:
D:1:      lightli_arrival_lavapool, layout_loops_cross, minmay_tall_x
D:2:      layout_loops_ring, uniq_sigmund
D:3:      layout_loops_cross, mainiacjoe_overflow_catwalk_spiral,
          uniq_crazy_yiuf_cottage, uniq_robin, uniq_grinder
D:4:      layout_rooms, gammafunk_ghost_stat_death, serial_co_window_serial,
          co_window_corner_a, co_window_corner_a, co_window_corner_a,
          co_window_corner_a, co_window_corner_a, co_window_corner_a,
          co_window_corner_a, co_window_broadway_b, co_window_2corner,
          co_window_paths_c, co_window_corner_b, co_window_corner_b,
          co_window_paths_e, glass_columns_b, glass_columns_a, glass_columns_a,
          glass_columns_b, chequers_serial_rivers_small_3
D:5:      layout_loops_cross, nicolae_dithmenos_shadow_blocks,
          minmay_misc_feat_alley, uniq_menkaure
D:6:      layout_basic, nicolae_qazlal_scattered_showers, tgw_kikubaaqudgha

Skill      XL: |  1  2  3  4  5  6  7  8 |
---------------+-------------------------+-----
Fighting       | 4 5 6 |  6.7
Maces & Flails | 3 4 5 |  5.7
Armour         | 4 5 6 |  6.7
Shields        | 4 5 6 |  6.7

Action                     |  1- 3 |  4- 6 |  7- 9 || total
---------------------------+-------+-------+-------++-------
  Melee: Flail             |    76 |   111 |   230 ||   417
    Use: Scroll            |       |       |    14 ||    14
 Armour: Scale mail        |    40 |    92 |    36 ||   168
         Plate armour      |       |       |   143 ||   143
  Dodge: Dodged            |    32 |    52 |    70 ||   154
  Block: Buckler           |    12 |    31 |   115 ||   158
         Reflection        |       |       |     3 ||     3

Table legend: (Time is in decaauts)
 A = Elapsed time spent in this place.
 B = Non-inter-level travel time spent in this place.
 C = Inter-level travel time spent in this place.
 D = Time resting spent in this place.
 E = Time spent auto-exploring this place.
 F = Levels seen in this place.
 G = Mean time per level.
                   A        B        C        D        E       F      G
               +--------+--------+--------+--------+--------+-----+--------+
         Total |   4926 |   4733 |    193 |    652 |   2992 |   6 |  821.0 |
       Dungeon |   4926 |   4733 |    193 |    652 |   2992 |   6 |  821.0 |
               +--------+--------+--------+--------+--------+-----+--------+

Top non-repeatable levels by time:
     D:4: 1287 daAuts
     D:3: 957 daAuts
     D:2: 843 daAuts
     D:5: 841 daAuts
     D:1: 809 daAuts
     D:6: 187 daAuts
